Map: Blueshift LE

Players

gth - Winner!

  • Race: Protoss Protoss
  • League: Gold
  • Spawn Location: 7:00

Michael

  • Race: Protoss Protoss
  • League: Platinum
  • Spawn Location: 1:00

VOD

Have the link to the VOD?

Description

Time

  • Played on: Oct. 13, 2018, 1:12 a.m.
  • Length: 3:05
Show
View Real Time Build Order
Export as new Build Order

gth Protoss - Winner!

Build Orders: Cannon Rush 

Get SALT Encoding   

  12  0:15  Probe, Pylon  
  13  0:23  Probe  
  14  0:36  Forge  
  14  0:45  Pylon  
  14  0:57  Assimilator  
  14  1:04  Pylon  
  14  1:17  Photon Cannon  
  14  1:30  Photon Cannon  
  14  1:52  Photon Cannon  
  14  2:01  Photon Cannon  
  14  2:12  Photon Cannon  
  14  2:22  Pylon  
  14  2:37  Photon Cannon  
  14  2:51  Gateway  
  14  3:00  Pylon  
Show
View Real Time Build Order
Export as new Build Order

Michael Protoss 

Build Orders:  

Get SALT Encoding   

  1  0:00  Probe  
  12  0:05  Probe  
  14  0:17  Pylon  
  14  0:23  Probe  
  15  0:35  Probe  
  15  0:42  Gateway  
  16  0:47  Assimilator  
  16  0:50  Probe  
  17  1:02  Probe  
  18  1:10  Pylon  
  18  1:14  Probe, Pylon  
  19  1:26  Zealot  
  19  1:32  Gateway  
  21  1:49  Zealot  
  21  1:56  Gateway  
  21  2:08  Zealot  
  20  2:20  Cybernetics Core  
  24  2:28  Pylon  
  24  2:30  Zealot  
Tags
 
Matchup
PvP
Spawn Locations
Cross Positions
Add a new tag
Caveats
  • Supply blocks, unpowered buildings, or Contaminate may cause inaccurate times.
  • Supply counts are checked every 10 seconds.